 Dungeon Crawl Stone Soup version 0.29-a0-994-gc5c9f59d18 (webtiles) character file.

Game seed: 322174497072778167

139778 Hubris850 the Minotaur Cataclysm (level 16, -6/145 HPs)
             Began as a Minotaur Monk on Aug 2, 2022.
             Was a High Priest of Qazlal.
             Mangled by a salamander tyrant (13 damage)
             ... on level 2 of the Snake Pit on Aug 3, 2022.
             The game lasted 01:36:48 (28221 turns).

Hubris850 the Minotaur Cataclysm (Minotaur Monk)   Turns: 28221, Time: 01:36:49

Health: -6/145     AC: 23    Str: 21    XL:     16   Next: 74%
Magic:  23/28      EV:  6    Int: 11    God:    Qazlal [*****.]
Gold:   2082       SH: 26    Dex: 18    Spells: 15/15 levels left

rFire   + + .      SeeInvis +   b - +7 war axe (vamp)
rCold   + . .      Faith    .   E - +0 kite shield
rNeg    . . .      Spirit   .   G - +1 plate armour {rPois}
rPois   +          Reflect  .   t - +0 hat {Will+}
rElec   .          Harm     .   s - +2 cloak {Will+}
rCorr   .          Rampage  .   n - +0 pair of gloves
Will    ++++.                   V - +0 pair of boots
Stlth   ..........              M - amulet of the acrobat
HPRegen 0.34/turn               u - ring "Rana" {rPois rF+ rC+ Slay+3 Stlth+}
MPRegen 0.21/turn               x - ring "Tuerphok" {Will+ Int+4 Dex+4 SInv}

@: weakened, protected from fire, constricted, repel missiles
A: horns 2, retaliatory headbutt, large bone plates 1, clumsy 1, robust 1
a: Renounce Religion, Upheaval, Elemental Force, Disaster Area


You were on level 2 of the Snake Pit.
You worshipped Qazlal.
Qazlal was extremely pleased with you.
You visited 4 branches of the dungeon, and saw 24 of its levels.
You also visited: Ossuary, Gauntlet and Ice Cave.

You collected 2726 gold pieces.
You spent 644 gold pieces at shops.

Inventory:

Hand Weapons
 a - a +3 war axe of flaming
 b - a +7 vampiric war axe (weapon)
Missiles
 A - 3 silver javelins
 I - 17 boomerangs (quivered)
 X - 6 curare-tipped darts
Armour
 n - a +0 pair of gloves (worn)
 s - a +2 cloak of willpower (worn)
 t - a +0 hat of willpower (worn)
 E - a +0 kite shield (worn)
 G - a +1 plate armour of poison resistance (worn)
 V - a +0 pair of boots (worn)
Jewellery
 u - the ring "Rana" (left hand) {rPois rF+ rC+ Slay+3 Stlth+}
   (You bought it in a shop on level 6 of the Dungeon)

   [ring of protection from fire]

   Slay:      It affects your accuracy & damage with ranged weapons and melee
   (+3).
   rF:        It protects you from fire.
   rC:        It protects you from cold.
   rPois:     It protects you from poison.
   Stlth:     It makes you more stealthy.
 x - the ring "Tuerphok" (right hand) {Will+ Int+4 Dex+4 SInv}
   (You found it in a Gauntlet)

   [ring of see invisible]

   Int:       It affects your intelligence (+4).
   Dex:       It affects your dexterity (+4).
   SInv:      It lets you see invisible.
   Will:      It increases your willpower.
 z - the ring of Beauty {Fly rC+ Str+2 Int+2}
   (You took it off a minotaur in a Gauntlet)

   [ring of flight]

   Str:       It affects your strength (+2).
   Int:       It affects your intelligence (+2).
   rC:        It protects you from cold.
   Fly:       It grants you flight.
 M - an amulet of the acrobat (around neck)
Wands
 C - a wand of flame (25)
 D - a wand of mindburst (7)
 O - a wand of polymorph (22)
 T - a wand of light (2)
 W - a wand of paralysis (16)
 Y - a wand of digging (5)
 Z - a wand of iceblast (21)
Scrolls
 e - 2 scrolls of summoning
 p - 2 scrolls of blinking
 v - 11 scrolls of teleportation
 y - 5 scrolls of identify
 H - 6 scrolls of fear
 N - 2 scrolls of fog
 R - 3 scrolls of magic mapping
Potions
 c - a potion of berserk rage
 j - 16 potions of curing
 m - 2 potions of haste
 o - 3 potions of might
 r - a potion of cancellation
 B - 2 potions of resistance
 J - 6 potions of heal wounds
 L - 2 potions of flight
Miscellaneous
 f - a condenser vane
 F - a lightning rod (4/4)
 Q - a tin of tremorstones (2/2)


   Skills:
 - Level 9.3 Fighting
 - Level 16.0 Axes
 + Level 4.7 Throwing
 + Level 12.3 Armour
 - Level 7.0 Dodging
 - Level 5.0 Stealth
 - Level 16.2 Shields
 + Level 18.0 Invocations
 - Level 6.0 Evocations


You had 15 spell levels left.
You didn't know any spells.
Your spell library contained the following spells:

 Spells                   Type           Power      Damage    Failure   Level
 Magic Dart               Conj           0%         1d3       100%        1
 Necrotise                Necr           0%         1d4       100%        1
 Shock                    Conj/Air       0%         1d3       100%        1
 Ensorcelled Hibernation  Hex/Ice        0%         N/A       100%        2
 Searing Ray              Conj           0%         2d4       100%        2
 Static Discharge         Conj/Air       0%         3-3/arc   100%        2
 Dazzling Flash           Conj/Hex       0%         N/A       100%        3
 Summon Guardian Golem    Hex/Summ       0%         N/A       100%        3
 Swiftness                Air            0%         N/A       100%        3
 Vampiric Draining        Necr           0%         2d6       100%        3
 Airstrike                Air            0%         2d(0-16)  100%        4
 Animate Dead             Necr           0%         N/A       100%        4
 Fulminant Prism          Conj/Hex       0%         3d6       100%        4
 Ice Form                 Ice/Tmut       0%         N/A       100%        4
 Iskenderun's Mystic Bla  Conj/Tloc      0%         2d3       100%        4
 Summon Lightning Spire   Summ/Air       0%         N/A       100%        4
 Agony                    Necr           0%         N/A       100%        5
 Lee's Rapid Deconstruct  Erth           0%         3d5*      100%        5
 Lightning Bolt           Conj/Air       0%         1d11      100%        5
 Metabolic Englaciation   Hex/Ice        0%         N/A       100%        5
 Silence                  Hex/Air        0%         N/A       100%        5
 Summon Forest            Summ/Tloc      0%         N/A       100%        5
 Eringya's Noxious Bog    Tmut/Pois      0%         N/A       100%        6
 Haunt                    Necr/Summ      0%         N/A       100%        7
 Orb of Destruction       Conj           0%         9d5       100%        7
 Spellforged Servitor     Conj/Summ      0%         N/A       100%        7
 Summon Hydra             Summ           0%         N/A       100%        7
 Infestation              Necr           0%         N/A       100%        8
 Maxwell's Capacitive Co  Air            0%         ∞         100%        8


Dungeon Overview and Level Annotations

Branches:
Dungeon (15/15)            Temple (0/1) D:6            Lair (5/5) D:8
 Shoals (0/4) Lair:3        Snake (2/4) Lair:2        Slime (0/5) Lair:5
    Orc (2/2) D:9             Elf (0/3) Orc:2        Vaults (0/5) D:13
 Depths (0/4) D:15        Ossuary (visited)           IceCv (visited)
Gauntlet (visited)

Altars:
Ashenzari
Cheibriados
Fedhas
Gozag
Hepliaklqana
Makhleb
Okawaru
Qazlal
Ru
Sif Muna
Uskayaw
Vehumet
Wu Jian
Xom
Yredelemnul
Zin
The Shining One
Jiyva

Shops:
D:6 :=   Orc:2 [==[

Annotations:
D:7 3 runed translucent doors, quinnr's ghost, novice TeAE
Lair:5 1 runed translucent door


Innate Abilities, Weirdness & Mutations

You have a pair of horns on your head.
You reflexively headbutt those who attack you in melee.
You are partially covered in large bone plates. (SH +4)
You are clumsy. (Dex -2)
You are robust. (+10% HP)


Message History

* * * LOW HITPOINT WARNING * * *
You block the naga warrior's attack.
The salamander is engulfed in freezing vapours.
You block the salamander's attack.
The salamander tyrant is struck by lightning.
The salamander tyrant barely misses you.
Your air elemental hits the naga warrior!
Unknown command.
The naga warrior's grasp on you weakens, but your attempt to escape fails.
The salamander no longer looks unusually strong.
Your air elemental hits the naga warrior but does no damage.
You block the naga warrior's attack. You block the salamander's attack.
The naga is engulfed in blazing flames.
You block the naga's attack.
Your water elemental hits the salamander tyrant.
Your water elemental barely misses the salamander.
The naga warrior is engulfed in blazing flames.
You kill the naga warrior!
Qazlal accepts your kill.
The naga warrior hits you with a +0 scimitar!
* * * LOW HITPOINT WARNING * * *
Your resistance to fire fades away.
You feel protected from physical attacks.
The naga warrior grabs you. The naga warrior constricts you.
Your air elemental fires a burst of electricity at the salamander.
The stunning burst hits the salamander!
The salamander dies!
Qazlal accepts your kill.
The stunning burst hits the salamander!
The salamander dies!
Qazlal accepts your kill.
The stunning burst hits your water elemental!
Your water elemental resists.
The salamander tyrant gazes fiercely through you!
You feel as though you will be weak longer.
The salamander tyrant hits you.
* * * LOW HITPOINT WARNING * * *
You are engulfed in flames!
You resist.
Your resistance to physical damage fades away.
You feel protected from fire.
You die...

.... ##...##
.#######.....###
#...............
#...............
#....§..........
#...E○☼EE......
#....N@N.......
#....ENNE.......
#.(...☼○☼○......
#?..............
................
................
................
................
...#...........


You could see 2 naga warriors, a salamander tyrant (strong, ally target), a naga
(strong, ally target), 2 friendly earth elementals, 2 friendly water elementals
and a friendly air elemental (summoned).

Vanquished Creatures
  Jorgrun (D:12)
  Gastronok (Lair:2)
  A nagaraja (Snake:1)
  A stone giant (D:15)
  2 reapers (IceCv)
  A minotaur (Gauntlet)
  Azrael (D:13)
  Josephine (D:13)
  A caustic shrike simulacrum (IceCv)
  3 salamander tyrants (Snake:1)
  7 hydras
  Harold (Lair:2)
  Erica (D:11)
  2 catoblepae
  5 two-headed ogres
  3 centaur warriors
  2 death yaks
  An anaconda (Snake:1)
  4 naga warriors
  2 tengu warriors
  The ghost of Puggon the Stormcaller, a journeyman TeAE of Ashenzari (Lair:1)
  7 naga sharpshooters (Snake:1)
  Urug (Lair:2)
  3 orc high priests (Orc:2)
  4 shock serpents
  8 salamander mystics (Snake:1)
  A fire crab (Gauntlet)
  Amaemon (D:11)
  5 skeletal warriors (D:14)
  3 naga ritualists (Snake:1)
  A spriggan simulacrum (IceCv)
  A deep troll (shapeshifter) (D:13)
  A lindwurm (shapeshifter) (D:15)
  5 orc knights
  2 obsidian statues (IceCv)
  2 bog bodies (IceCv)
  2 deep elf pyromancers (D:12)
  3 cyclopes
  7 manticores
  4 mana vipers
  5 orc sorcerers (Orc:2)
  9 salamanders (Snake:1)
  10 ugly things (D:14)
  A black mamba (shapeshifter) (D:14)
  16 black mambas
  2 torpor snails
  A guardian serpent (Snake:2)
  23 elephants
  An ice statue (D:15)
  6 naga magi (Snake:1)
  An orange demon (D:11)
  2 gargoyles
  9 cane toads
  2 unseen horrors (D:11)
  A komodo dragon (shapeshifter) (D:13)
  3 freezing wraiths (IceCv)
  5 efreet
  3 rime drakes (Lair:3)
  3 golden dragon simulacra (IceCv)
  A tengu conjurer (D:14)
  10 komodo dragons
  An ice devil (IceCv)
  A troll (shapeshifter) (D:13)
  A queen bee (Lair:1)
  6 trolls
  3 raiju (Lair:5)
  12 polar bears
  11 blink frogs
  Grinder (D:6)
  A hornet (D:8)
  Prince Ribbit (Lair:2)
  A wind drake (Lair:3)
  6 dream sheep (Lair:5)
  17 slime creatures
  2 vampires
  5 wyverns
  5 shadows
  Sigmund (D:2)
  5 wraiths
  A dire elephant simulacrum (IceCv)
  65 yaks
  A water elemental (D:14)
  4 fire elementals (D:13)
  5 fire bats (Gauntlet)
  A steam dragon (D:6)
  3 basilisks
  Menkaure (D:6)
  9 wargs
  A harpy simulacrum (IceCv)
  17 nagas
  The ghost of xian the Shooter, an amateur DEHu (D:4)
  19 hell hounds
  5 hydra simulacra (IceCv)
  13 water moccasins
  2 ettin simulacra (IceCv)
  14 black bears
  A sky beast (D:7)
  15 orc warriors
  2 ice beasts (D:8)
  4 ogres
  43 wolves
  13 centaurs
  A phantom (D:5)
  4 kobold brigands
  5 elf zombies
  4 gnoll sergeants
  12 bullfrogs
  4 scorpions
  2 necrophages
  8 wights (D:9)
  25 killer bees
  6 howler monkeys
  3 electric eels
  A crimson imp (D:5)
  3 lava snakes (D:9)
  6 orc priests
  4 hounds
  2 human zombies
  2 gnoll boudas
  Jessica (D:3)
  Natasha (thrice) (D:2)
  3 iguanas
  19 orc wizards
  3 human skeletons (D:4)
  A hound skeleton (D:2)
  2 mummies (Ossuary)
  Robin (D:2)
  30 gnolls
  5 adders
  3 white imps
  2 ufetubi
  2 adder zombies
  An adder skeleton (D:2)
  4 dart slugs
  60 orcs
  2 bats (D:1)
  2 bat skeletons (D:2)
  4 endoplasms
  5 giant cockroaches
  18 goblins
  9 hobgoblins
  26 kobolds
  4 quokkas
  8 ball pythons
  A ball python skeleton (D:2)
  A frilled lizard (D:3)
  A goblin zombie (Ossuary)
  12 hobgoblin zombies (Ossuary)
  2 jackal zombies (Ossuary)
  5 kobold zombies (Ossuary)
  12 orc zombies
  6 rats
  A spectral goblin (D:7)
  A bush (Lair:5)
889 creatures vanquished.

Vanquished Creatures (collateral kills)
  2 salamanders (Snake:2)
  An elephant (Lair:5)
  A freezing wraith (IceCv)
  A yak (Lair:5)
  An ettin simulacrum (IceCv)
6 creatures vanquished.

Vanquished Creatures (others)
  A salamander (Snake:1)
  A bullfrog (D:6)
  An orc (D:9)
  14 fungi
  66 plants
  11 withered plants
94 creatures vanquished.

Grand Total: 989 creatures vanquished

Notes
Turn   | Place    | Note
-------+----------+-------------------------------------------
     0 | D:1      | Hubris850 the Minotaur Monk began the quest for the Orb.
     0 | D:1      | Reached XP level 1. HP: 19/19 MP: 0/0
   242 | D:1      | Reached XP level 2. HP: 27/27 MP: 1/1
   292 | D:1      | Reached skill level 1 in Armour
   887 | D:2      | Reached XP level 3. HP: 18/33 MP: 2/2
  1077 | D:2      | Noticed Natasha
  1083 | D:2      | Killed Natasha
  1084 | D:2      | Reached XP level 4. HP: 36/41 MP: 3/3
  1166 | D:2      | Noticed Robin
  1186 | D:2      | Killed Robin
  1368 | D:2      | Noticed Natasha
  1374 | D:2      | Killed Natasha
  1519 | D:2      | Reached XP level 5. HP: 47/47 MP: 4/4
  1842 | D:2      | Noticed Natasha
  1915 | D:2      | Noticed Sigmund
  1922 | D:2      | Killed Sigmund
  1923 | D:2      | Reached skill level 5 in Fighting
  1923 | D:2      | Reached XP level 6. HP: 54/56 MP: 5/5
  2048 | D:2      | Killed Natasha
  2225 | D:3      | Found a shimmering blue altar of Sif Muna.
  2267 | D:3      | Found a blossoming altar of Fedhas.
  2517 | D:3      | Noticed Jessica
  2524 | D:3      | Killed Jessica
  2616 | D:3      | Found an ornate altar of the Wu Jian Council.
  2703 | D:4      | Reached skill level 5 in Dodging
  3008 | D:4      | Found a sand-covered staircase.
  3031 | D:4      | Reached XP level 7. HP: 48/62 MP: 6/6
  3101 | Ossuary  | Entered an ossuary
  3619 | Ossuary  | Reached skill level 5 in Armour
  4018 | D:4      | Reached XP level 8. HP: 71/71 MP: 7/7
  4033 | D:4      | Noticed xian's ghost (amateur DEHu)
  4047 | D:4      | Found a runed translucent door.
  4373 | D:4      | Gained mutation: You are robust. (+10% HP) [potion of
                  | mutation]
  4373 | D:4      | Gained mutation: You are partially covered in large bone
                  | plates. (SH +4) [potion of mutation]
  4385 | D:4      | Killed xian's ghost
  4439 | D:5      | Entered Level 5 of the Dungeon
  4896 | D:5      | Reached skill level 5 in Stealth
  5003 | D:5      | Found a stormy altar of Qazlal.
  5017 | D:5      | Became a worshipper of Qazlal Stormbringer
  5017 | D:5      | Reached * piety under Qazlal
  5017 | D:5      | Reached ** piety under Qazlal
  5069 | D:5      | Found a burning altar of Makhleb.
  5069 | D:5      | Found a radiant altar of Vehumet.
  5134 | D:5      | Reached skill level 1 in Invocations
  5255 | D:5      | Reached skill level 2 in Invocations
  5726 | D:6      | Reached skill level 3 in Invocations
  5735 | D:6      | Found Jyimmuac's Jewellery Shop.
  5757 | D:6      | Found a staircase to the Ecumenical Temple.
  5825 | D:6      | Found Taduhetz's Self-Improvement Boutique.
  5834 | D:6      | Reached XP level 9. HP: 81/86 MP: 10/10
  5915 | D:6      | Noticed Menkaure
  5920 | D:6      | Killed Menkaure
  5921 | D:6      | Reached skill level 4 in Invocations
  5942 | D:6      | Reached skill level 5 in Invocations
  6096 | D:6      | Noticed Grinder
  6100 | D:6      | Killed Grinder
  6118 | D:6      | Reached skill level 6 in Invocations
  6813 | D:7      | Found an opulent altar of Gozag.
  6876 | D:7      | Found a glowing golden altar of the Shining One.
  6882 | D:7      | Found an iron altar of Okawaru.
  6882 | D:7      | Found a broken altar of Ashenzari.
  6895 | D:7      | Reached skill level 7 in Invocations
  7005 | D:7      | Found a runed translucent gate.
  7005 | D:7      | Found a runed translucent gate.
  7005 | D:7      | Found a runed translucent gate.
  7231 | D:7      | Noticed quinnr's ghost (novice TeAE)
  7282 | D:7      | Found a hazy altar of Hepliaklqana.
  7361 | D:8      | Found a staircase to the Lair.
  7361 | D:8      | Noticed a troll
  7371 | D:8      | Killed a troll
  7372 | D:8      | Reached skill level 8 in Invocations
  8003 | D:8      | Reached skill level 9 in Invocations
  8005 | D:8      | Reached XP level 10. HP: 66/94 MP: 8/15
  8500 | D:8      | Paralysed by a hornet for 1 turns
  8512 | D:8      | Reached skill level 10 in Invocations
  9102 | D:8      | You fall into a shaft and drop 1 floor!
  9485 | D:8      | Reached skill level 11 in Invocations
  9500 | D:9      | Reached skill level 1 in Shields
  9694 | D:9      | Reached *** piety under Qazlal
  9943 | D:9      | Found a staircase to the Orcish Mines.
  9999 | D:9      | Reached **** piety under Qazlal
 10063 | D:9      | Reached XP level 11. HP: 40/104 MP: 14/18
 10881 | Lair:1   | Entered Level 1 of the Lair of Beasts
 10890 | Lair:1   | Noticed a four-headed hydra
 10894 | Lair:1   | Killed a four-headed hydra
 10978 | Lair:1   | Reached skill level 5 in Shields
 11321 | Lair:1   | Reached skill level 5 in Axes
 11533 | Lair:1   | You fall into a shaft and drop 1 floor!
 11538 | Lair:2   | Noticed Prince Ribbit
 11565 | Lair:2   | Killed Prince Ribbit
 11594 | Lair:2   | Reached XP level 12. HP: 111/114 MP: 19/19
 11598 | Lair:2   | Noticed Urug
 11612 | Lair:2   | Killed Urug
 11931 | Lair:2   | Noticed Harold
 11948 | Lair:2   | Paralysed by Harold for 5 turns
 11956 | Lair:2   | Killed Harold
 11957 | Lair:2   | Reached skill level 10 in Shields
 12132 | Lair:2   | Found a staircase to the Snake Pit.
 12313 | Lair:2   | Noticed Gastronok
 12325 | Lair:2   | Killed Gastronok
 12326 | Lair:2   | Reached skill level 10 in Axes
 12557 | Lair:1   | Identified the +1 ring mail "Pigangab" {Dex+3}
 12760 | Lair:1   | Found a runed translucent door.
 12760 | Lair:1   | Noticed Puggon's ghost (journeyman TeAE)
 12782 | Lair:1   | Noticed a seven-headed hydra
 12791 | Lair:1   | Killed a three-headed hydra
 12798 | Lair:1   | Killed Puggon's ghost
 13158 | Lair:2   | Noticed a four-headed hydra
 13164 | Lair:2   | Killed a one-headed hydra
 13564 | Lair:3   | Noticed a death yak
 13578 | Lair:2   | Killed a death yak
 13786 | Lair:3   | Noticed a five-headed hydra
 13791 | Lair:3   | Killed a one-headed hydra
 14234 | Lair:3   | Noticed a catoblepas
 14243 | Lair:3   | Killed a catoblepas
 14386 | Lair:3   | Found a staircase to the Shoals.
 14434 | Lair:3   | Reached XP level 13. HP: 116/122 MP: 20/20
 14539 | Lair:3   | Reached skill level 1 in Evocations
 15764 | D:6      | Bought the ring "Rana" {rPois rF+ rC+ Slay+3 Stlth+} for
                  | 644 gold pieces
 16138 | Lair:4   | Reached ***** piety under Qazlal
 16704 | Lair:5   | Entered Level 5 of the Lair of Beasts
 16704 | Lair:5   | Found a runed translucent door.
 16704 | Lair:5   | Found a viscous altar of Jiyva.
 16705 | Lair:5   | Found a staircase to the Slime Pits.
 16730 | Lair:5   | Reached skill level 12 in Invocations
 16750 | Lair:5   | Reached skill level 5 in Evocations
 17002 | Lair:5   | Reached XP level 14. HP: 116/129 MP: 22/22
 17128 | Lair:5   | Reached skill level 15 in Axes
 17258 | Lair:5   | Reached skill level 13 in Invocations
 18104 | Lair:5   | Reached skill level 14 in Invocations
 18514 | D:10     | Entered Level 10 of the Dungeon
 18906 | D:10     | Found a large runed translucent door.
 18906 | D:10     | Found a large runed translucent door.
 19235 | D:10     | Reached ****** piety under Qazlal
 19239 | D:10     | Found a sacrificial altar of Ru.
 19242 | D:10     | Found a snail-covered altar of Cheibriados.
 19344 | D:11     | Noticed Erica
 19350 | D:11     | Killed Erica
 19493 | D:11     | Noticed Amaemon
 19514 | D:11     | Killed Amaemon
 19735 | D:11     | Found a hide-covered altar of Uskayaw.
 19807 | D:12     | Noticed Jorgrun
 19819 | D:12     | Killed Jorgrun
 19853 | D:12     | Identified the +3 leather armour of Votuig {-Cast rF+
                  | Dex+2}
 20058 | D:12     | Found a hazy altar of Hepliaklqana.
 20061 | D:12     | Found a shimmering altar of Xom.
 20061 | D:12     | Found an opulent altar of Gozag.
 20063 | D:12     | Found a shimmering altar of Xom.
 20063 | D:12     | Found a glowing silver altar of Zin.
 20063 | D:12     | Found a basalt altar of Yredelemnul.
 20372 | D:12     | Found Rasikeme's General Store.
 20634 | D:13     | Noticed Azrael
 20649 | D:13     | Killed Azrael
 20749 | D:13     | Reached skill level 15 in Invocations
 20757 | D:13     | Reached XP level 15. HP: 136/136 MP: 25/25
 20829 | D:13     | Noticed Josephine
 20840 | D:13     | Killed Josephine
 21111 | D:13     | Found a gate to the Vaults.
 21218 | D:13     | Identified the +1 ring mail of Regoigh {rC+ Regen+ rCorr
                  | Slay+2}
 21723 | D:14     | Found a gate leading to a gauntlet.
 21727 | Gauntlet | Entered a Gauntlet
 21727 | Gauntlet | Found a transporter.
 21727 | Gauntlet | Found a transporter.
 21731 | Gauntlet | Found a transporter.
 21731 | Gauntlet | Found a transporter.
 21744 | Gauntlet | Found a transporter.
 21759 | Gauntlet | Found a transporter.
 21769 | Gauntlet | Found a transporter.
 21769 | Gauntlet | Found a transporter.
 21771 | Gauntlet | Found a transporter.
 21807 | Gauntlet | Found a transporter.
 21810 | Gauntlet | Found a transporter.
 21852 | Gauntlet | Found a transporter.
 21867 | Gauntlet | Found a transporter.
 22021 | Gauntlet | Found a transporter.
 22038 | Gauntlet | Found a transporter.
 22052 | Gauntlet | Found a transporter.
 22202 | Gauntlet | Identified the -2 hat of Duck's Teeth {rC++ Str+2 Int+3
                  | Dex+3}
 22259 | Gauntlet | Identified the ring "Tuerphok" {Will+ Int+4 Dex+4 SInv}
 22283 | Gauntlet | Identified the ring of Beauty {Fly rC+ Str+2 Int+2}
 22511 | D:14     | Reached skill level 15 in Shields
 22531 | D:14     | Reached skill level 16 in Invocations
 23068 | D:15     | Entered Level 15 of the Dungeon
 23109 | D:15     | Found a staircase to the Depths.
 23294 | D:15     | Found a frozen archway.
 23311 | IceCv    | Entered an ice cave
 23579 | IceCv    | Gained mutation: You are clumsy. (Dex -2) [a neqoxec]
 24428 | IceCv    | Got Sif Muna's Compendium of Frostbite
 24437 | IceCv    | Identified the -2 helmet of Kano {Harm rF+ Stlth+}
 25293 | Orc:1    | Entered Level 1 of the Orcish Mines
 25556 | Orc:2    | Entered Level 2 of the Orcish Mines
 25557 | Orc:2    | Found a staircase to the Elven Halls.
 25842 | Orc:2    | Reached XP level 16. HP: 71/144 MP: 16/27
 25846 | Orc:2    | Reached skill level 17 in Invocations
 26188 | Orc:2    | Reached skill level 10 in Armour
 26213 | Orc:2    | Found Oxkonalo's Armour Shop.
 26213 | Orc:2    | Found Tegurror's Antique Armour Shop.
 26214 | Orc:2    | Found Relofuid's Jewellery Emporium.
 26214 | Orc:2    | Found Guummi's Jewellery Emporium.
 26594 | Orc:2    | Upgraded the game from 0.29-a0-993-g4a18f31a58 to
                  | 0.29-a0-994-gc5c9f59d18
 26786 | Snake:1  | Entered Level 1 of the Snake Pit
 27238 | Snake:1  | Reached skill level 1 in Throwing
 28102 | Snake:1  | Reached skill level 18 in Invocations
 28221 | Snake:2  | HP: 7/145 [salamander tyrant (4)]
 28221 | Snake:2  | Mangled by a salamander tyrant

Illustrated notes

Levels and vault maps discovered:
D:1:      dpeg_arrival_rooms_with_view, layout_basic, grunt_decor_cap
D:2:      layout_loops_cross, serial_undead, serial_undead_a, serial_undead_e,
          serial_undead_e, serial_undead_a, serial_undead_b, serial_undead_c,
          uniq_natasha, uniq_robin, uniq_sigmund
D:3:      layout_rooms, lemuel_crystal_altar,
          mainiacjoe_overflow_six_doors_small, mainiacjoe_overflow_alcove_4,
          hangedman_decor_growths, minmay_misc_feat_encased, uniq_jessica
D:4:      minmay_door_path, layout_basic, nicolae_ossuary_entry_catacombs,
          hellmonk_ghost_happy_afterlife, fountainhead, minmay_misc_feat_rows
D:5:      layout_gridville, grunt_temple_overflow_lords_of_destruction,
          old_standard_altar, minmay_small_thing
D:6:      layout_loops_ring, minmay_temple_entry_overgrown, serial_shops, shop,
          nicolae_shop_self_help, uniq_grinder, uniq_menkaure
D:7:      layout_loops_ring, general_overflow_altar,
          nicolae_hepliaklqana_monster_ancestors,
          chequers_temple_overflow_statue_of_worship, gammafunk_ghost_icy,
          nicolae_concentric_dashed_squares_mild
D:8:      minmay_angry_zag, layout_basic, erik_lair_island
D:9:      layout_big_octagon, hiddenorc2_lemuel, hangedman_decor_lopped,
          minmay_between
D:10:     layout_long_grid, jmf_multi_god_temple2
D:11:     layout_cave_pools, nicolae_uskayaw_dance_studio, uniq_erica,
          uniq_amaemon
D:12:     layout_rooms, serial_shops, nicolae_shop_statue_plus,
          doesnt_xom_only_xom, uniq_jorgrun
D:13:     layout_irregular_city, david_vaults_4, uniq_josephine, uniq_azrael
D:14:     layout_basic, gauntlet_entry_generic, minivault_21
D:15:     grunt_enter_depths_giant_problem, layout_loops_ring,
          portal_ice_cave_entry_ice_statue_one, minmay_strange_pillars
Lair:1:   layout_roguey [special_room_bee], ebering_ghost_inner_flame,
          serial_bayou_crossing
Lair:2:   layout_loops_ring, guppyfry_snake_entry_island,
          grunt_forest_large_clearings, uniq_urug, uniq_harold, uniq_gastronok,
          uniq_prince_ribbit2
Lair:3:   wad_woods_structure_01, layout_layer_cave, minmay_shoals_entry_beasts,
          chequers_serial_rivers_micro_d
Lair:4:   layout_regular_city, hangedman_lair_unloving_vines, grunt_megastairs_5
Lair:5:   hangedman_lair_caniforms_friends, layout_regular_city, slime_entry_2,
          serial_bayou_ford_a
Snake:1:  cheibrodos_snake_lava_hold, layout_rooms, st_stairs_10,
          nicolae_snake_magic_snake_eye
Snake:2:  layout_cave_shapes, grunt_megastairs_1
Orc:1:    layout_diamond_mine, serial_shops, nicolae_shop_behind_doors,
          uniq_nergalle, uniq_fannar
Orc:2:    st_orc_elflike, layout_caves, dreamdust_deal_with_the_devil

Skill      XL: |  1  2  3  4  5  6  7  8  9 10 11 12 13 14 15 16 |
---------------+-------------------------------------------------+-----
Armour         | 1 2 3 4 5 7 8 9 12 | 12.3
Stealth        | 2 3 4 5 |  5.0
Fighting       | 4 5 6 7 8 9 |  9.3
Dodging        | 4 5 6 7 |  7.0
Invocations    | 3 9 11 12 15 16 18 | 18.0
Shields        | 4 9 12 13 16 | 16.2
Axes           | 8 13 14 16 | 16.0
Evocations     | 5 6 |  6.0
Throwing       | 4 |  4.7

Action                   |  1- 3 |  4- 6 |  7- 9 | 10-12 | 13-15 | 16-18 || total
-------------------------+-------+-------+-------+-------+-------+-------++-------
Melee: Hand axe          |    29 |    42 |   187 |       |       |       ||   258
       Headbutt          |    12 |    37 |    89 |   104 |   332 |    85 ||   659
       Dagger            |    46 |   115 |       |     2 |       |       ||   163
       War axe           |       |       |   211 |   450 |  1146 |   277 ||  2084
       Punch             |       |       |     6 |     2 |       |       ||     8
Throw: Dart              |       |       |     3 |     2 |       |       ||     5
       Throwing net      |       |       |       |     1 |       |       ||     1
       Boomerang         |       |       |       |       |       |    10 ||    10
Invok: Upheaval          |       |       |     8 |    12 |    13 |     5 ||    38
       Elemental Force   |       |       |       |       |     2 |     1 ||     3
       Disaster Area     |       |       |       |       |     1 |       ||     1
Evoke: Wand              |       |       |     5 |       |       |       ||     5
       Lightning rod     |       |       |       |       |     1 |       ||     1
  Use: Potion            |       |       |     6 |     1 |     4 |       ||    11
       Scroll            |       |       |    14 |     9 |    11 |       ||    34
 Stab: Sleeping          |       |     7 |     7 |       |       |       ||    14
       Held in net/web   |       |       |       |     2 |       |       ||     2
       Paralysed         |       |       |       |       |     2 |       ||     2
       Distracted        |       |       |       |       |     1 |     1 ||     2
Armor: Ring mail         |    31 |    47 |   117 |       |       |       ||   195
       Steam dragon scal |       |       |    26 |   131 |   185 |       ||   342
       Crystal plate arm |       |       |       |       |    13 |     8 ||    21
       Plate armour      |       |       |       |       |       |    56 ||    56
Dodge: Dodged            |    47 |    63 |   228 |   238 |   297 |    53 ||   926
       Repelled          |       |       |       |     3 |     7 |    11 ||    21
Block: Other             |       |       |    76 |    30 |       |       ||   106
       Kite shield       |       |       |       |   414 |  1213 |   345 ||  1972

Table legend: (Time is in decaauts)
 A = Elapsed time spent in this place.
 B = Non-inter-level travel time spent in this place.
 C = Inter-level travel time spent in this place.
 D = Time resting spent in this place.
 E = Time spent auto-exploring this place.
 F = Levels seen in this place.
 G = Mean time per level.
                   A        B        C        D        E       F      G
               +--------+--------+--------+--------+--------+-----+--------+
         Total |  28266 |  26200 |   2066 |   4785 |  14663 |  27 | 1046.9 |
       Dungeon |  15620 |  14609 |   1011 |   2373 |   9024 |  15 | 1041.3 |
          Lair |   7826 |   6986 |    840 |    998 |   4473 |   5 | 1565.2 |
     Snake Pit |   1079 |    978 |    101 |      0 |    643 |   2 |  539.5 |
  Orcish Mines |   1378 |   1265 |    113 |    378 |    522 |   2 |  689.0 |
       Ossuary |    649 |    649 |      0 |    241 |      0 |   1 |  649.0 |
      Ice Cave |   1134 |   1134 |      0 |    795 |      0 |   1 | 1134.0 |
      Gauntlet |    578 |    578 |      0 |      0 |      0 |   1 |  578.0 |
               +--------+--------+--------+--------+--------+-----+--------+

Top non-repeatable levels by time:
  Lair:3: 1836 daAuts
     D:8: 1763 daAuts
  Lair:2: 1739 daAuts
  Lair:1: 1672 daAuts
  Lair:5: 1650 daAuts
     D:9: 1562 daAuts
     D:7: 1309 daAuts
     D:5: 1189 daAuts
     D:2: 1181 daAuts
     D:6: 1181 daAuts
   IceCv: 1134 daAuts
     D:4: 1127 daAuts
    D:13: 1104 daAuts
 Snake:1: 1055 daAuts
     D:1: 1019 daAuts
